 Dungeon Crawl Stone Soup version 0.21.1-1-g345015f (webtiles) character file.

54 suicidejoker the Sneak (level 3, -6/24 HPs)
             Began as an Octopode Assassin on Apr 13, 2018.
             Mangled by a gnoll (8 damage)
             ... on level 3 of the Dungeon.
             The game lasted 00:03:54 (1580 turns).

suicidejoker the Sneak (Octopode Assassin)          Turns: 1580, Time: 00:03:54

Health: -6/24      AC:  1    Str: 11    XL:     3   Next: 91%
Magic:  3/3        EV: 13    Int: 18    God:
Gold:   43         SH:  0    Dex: 13    Spells: 2/2 levels left

rFire    . . .     SeeInvis .   a - +2 dagger
rCold    . . .     Gourm    .   (no shield)
rNeg     . . .     Faith    .   (helmet restricted)
rPois    .         Spirit   .   (no amulet)
rElec    .         Reflect  .   (no ring)
rCorr    .         Harm     .   (no ring)
MR       .....                  (no ring)
Stlth    +++++.....             (no ring)
HPRegen  0.08/turn              (no ring)
MPRegen  0.08/turn              (no ring)
                                (no ring)
                                (no ring)

@: brilliant
A: almost no armour, stealthy swim, amphibious, 8 rings, constrict 8, camouflage
1, gelatinous body 1
a: no special abilities


You were on level 3 of the Dungeon.
You were very hungry.

You visited 1 branch of the dungeon, and saw 3 of its levels.

You collected 43 gold pieces.

Inventory:

Hand Weapons
 a - a +2 dagger (weapon)
 b - a +0 blowgun
Missiles
 c - 8 poisoned needles
 d - 10 stones (quivered)
 e - 64 arrows
 j - a curare-tipped needle
Wands
 n - a wand of flame (6)
Scrolls
 h - 2 scrolls of remove curse
 l - 2 scrolls of identify
 m - a scroll of immolation
Potions
 i - a potion of might {unknown}
 k - a potion of agility {unknown}
 o - 2 potions of heal wounds {unknown}
 p - a potion of curing {unknown}
 q - a potion of lignification {unknown}
Comestibles
 f - 7 rations


   Skills:
 - Level 2.0 Fighting
 - Level 2.0 Short Blades
 - Level 2.0 Throwing
 - Level 1.0 Dodging
 + Level 7.5 Stealth


You had 2 spell levels left.
You didn't know any spells.

Dungeon Overview and Level Annotations

Branches:
Dungeon (3/15)

Altars:


Innate Abilities, Weirdness & Mutations

You cannot wear most types of armour.
You are very stealthy in the water. (Stealth+)
You are amphibious.
You can wear up to eight rings at the same time.
You can use your tentacles to constrict eight enemies at once.
Your skin changes colour to match your surroundings (Stealth+).
Your rubbery body absorbs attacks. (AC +1, EV +1)


Message History

The gnoll hits you.
Evoke which item? (* to show all) (? for menu, Esc to quit)
Aiming: Throw Flame
Press: ? - help, Shift-Dir - straight line, f/p - gnoll
Aim: a gnoll (moderately wounded)
The puff of flame hits the gnoll.
The gnoll is moderately wounded.
The gnoll barely misses you.
Evoke which item? (* to show all) (? for menu, Esc to quit)
Aiming: Throw Flame
Press: ? - help, Shift-Dir - straight line, f/p - gnoll
Aim: a gnoll (moderately wounded)
The puff of flame hits the gnoll.
The gnoll is severely wounded.
The gnoll hits you.
* * * LOW HITPOINT WARNING * * *
It was a potion of brilliance.
You feel clever all of a sudden. The gnoll hits you!
You die...

##...########.#
#...........#.#
##...######.#.####.#
##.## #....^.... #.#
#.....#... #.#
##...## # #.# ##.##
#.# #.# #@# #.# #g#
### #+# #g#...##
#lg...8# #........
..8.>.... ..........
##......8..
..........


You could see 3 gnolls and a frilled lizard.

Vanquished Creatures
  An ooze (D:1)
  A dart slug (D:1)
  7 bats
  2 giant cockroaches
  8 goblins
  8 hobgoblins
  3 frilled lizards
  10 kobolds
  4 rats
44 creatures vanquished.

Notes
Turn   | Place    | Note
-------+----------+-------------------------------------------
     0 | D:1      | suicidejoker the Octopode Assassin began the quest for the Orb.
     0 | D:1      | Reached XP level 1. HP: 14/14 MP: 1/1
    88 | D:1      | Reached XP level 2. HP: 16/19 MP: 2/2
    90 | D:1      | Reached skill level 6 in Stealth
   257 | D:1      | Reached XP level 3. HP: 15/24 MP: 3/3
   522 | D:1      | Reached skill level 7 in Stealth
  1580 | D:3      | Mangled by a gnoll

Skill      XL: |  1  2  3 |
---------------+----------+-----
Stealth        | 6 7 |  7.5
Fighting       | |  2.0
Short Blades   | |  2.0
Throwing       | |  2.0
Dodging        | |  1.0

Action                   || total
-------------------------++-------
Melee: Dagger            ||    79
       Constrict         ||    16
       Tentacles         ||    12
 Fire: Blowgun           ||    10
Evoke: Wand              ||     4
  Use: Scroll            ||     4
       Potion            ||     1
 Stab: Sleeping          ||     7
       Distracted        ||     1
  Eat: Chunk             ||     1
Armor: Skin              ||     7
Dodge: Dodged            ||    54
